Match 37123661
Unlisted

Match 37123661
End
Engineer Squad
Selects Airborne Battlegroup
Selects Heavy Machine Gun Paradrop
Heavy Machine Gun Paradrop
Construct Barracks
Heavy Machine Gun Paradrop
Riflemen Squad
Construct Medical Station
Selects Recon Loiter
Recon Loiter
Heavy Machine Gun Paradrop
Mortar Pit
Construct Weapon Support Center
Air Support Center
Recon Loiter
M3 Armored Personnel Carrier
Selects Paradrop Reinforcements
P-47 Strafing Run
Grasshopper Recon Run
Construct Motor Pool
P-47 Strafing Run
Heavy Machine Gun Paradrop
P-47 Dive Bomb
M24 Chaffee Light Tank
Selects Paratrooper Squad Paradrop
P-47 Strafing Run
P-47 Dive Bomb
M24 Chaffee Light Tank
Recon Loiter
UnR34L
blackjack11444
Whiteweedoo
matrix4x4
HerrDirektor
Thomuzz
EDGE MAXXING
GOON MAXXING
0
0

Comments sign in to comment!

No comments posted yet!